AoeStats
← 1250516120

Oasis

509625603Analyzed
4v4 RM · 4d ago on Sep 27, 2026· 69m 33s· 8 players
Game mode
Random Map
Map size
Large (8 player)
Population
200
Speed
Normal
Resources
Standard
Victory
Conquest
Starting age
Dark Age
Ending age
Imperial Age
RankedLock teamsTeams togetherTeam positionsShared explorationLock speedFull tech treeHidden civsTurbo modeCheats
Victory
Defeat
🇨🇳 Byzantines · China
769
+15
🇨🇳 Slavs · China
765
+15
🇺🇸 Celts · United States
745
+16
🇺🇸 Ethiopians · United States
660
+20
🇺🇸 Sicilians · United States
803
-19
🇳🇱 Italians · Netherlands
741
-16
🇵🇹 Britons · Portugal
741
-16
🇨🇳 Huns · China
709
-15
Catholic King ArmandoNL
1:02 Loom
12:52 Feudal Age
13:15 Horse Collar
13:22 Double-Bit Axe
24:32 Castle Age
25:36 Heavy Plow
25:47 Bow Saw
30:24 Wheelbarrow
29:34 Town Watch
30:27 Wheelbarrow
29:38 Town Watch
32:03 Fortified Wall
32:04 Masonry
32:14 Ballistics
31:50 Murder Holes
33:09 Stone Mining
33:09 Gold Mining
34:29 Scale Barding Armor
34:24 Scale Mail Armor
34:24 Padded Archer Armor
34:15 Fletching
34:35 Forging
35:24 Elite Skirmisher
36:10 Thumb Ring
35:26 Crossbowman
35:30 Pikeman
36:11 Squires
35:56 Arson
36:26 Bloodlines
35:37 Light Cavalry
37:27 Hand Cart
41:25 Imperial Age
39:43 Town Patrol
41:44 Chain Barding Armor
41:39 Leather Archer Armor
41:20 Bodkin Arrow
42:00 Iron Casting
41:41 Chain Mail Armor
40:50 Man-at-Arms
41:33 Husbandry
43:06 Conscription
43:22 Hoardings
43:10 Silk Road
45:09 Arbalester
46:29 Plate Barding Armor
46:24 Ring Archer Armor
45:56 Bracer
46:56 Blast Furnace
46:44 Capped Ram
48:28 Chemistry
47:58 Architecture
47:14 Arrowslits
47:21 Cavalier
50:46 Plate Mail Armor
56:00 Block Printing
58:49 Sanctity
58:39 Fervor
ChewedGizmo
16:11 Feudal Age
18:56 Forging
18:48 Scale Mail Armor
21:10 Loom
21:51 Fletching
22:02 Padded Archer Armor
33:28 Castle Age
48:12 Double-Bit Axe
49:06 Wheelbarrow
51:45 First Crusade
56:08 Imperial Age
ANCORA
1250516120
0:33 Loom
2:47 Loom
13:02 Feudal Age
13:37 Double-Bit Axe
13:33 Horse Collar
13:47 Gold Mining
13:47 Stone Mining
19:52 Castle Age
21:24 Forging
21:19 Scale Barding Armor
21:28 Bow Saw
22:05 Heavy Plow
22:51 Wheelbarrow
24:29 Iron Casting
28:21 Gold Shaft Mining
30:21 Chain Barding Armor
30:15 Bloodlines
30:05 Husbandry
31:10 Hand Cart
33:00 Marauders
36:40 Imperial Age
35:18 Town Watch
35:50 Masonry
37:46 Conscription
36:47 Elite Tarkan
38:34 Blast Furnace
38:25 Plate Barding Armor
40:16 Town Patrol
50:35 Guilds
DuceDubz
0:28 Loom
15:48 Feudal Age
16:54 Horse Collar
17:03 Double-Bit Axe
17:58 Wheelbarrow
17:18 Gold Mining
17:18 Stone Mining
19:00 Arson
18:54 Man-at-Arms
20:45 Fletching
21:06 Forging
20:57 Scale Mail Armor
37:30 Castle Age
54:23 Castle Age
57:29 Caravan
58:01 Coinage
57:51 Bow Saw
57:56 Heavy Plow
59:13 Pikeman
60:38 Stronghold
64:16 Imperial Age
68:31 Gold Shaft Mining
68:32 Stone Shaft Mining
67:33 Onager
67:35 Heavy Scorpion
68:47 Guilds
69:11 Banking
00110110
5:50 Loom
10:33 Feudal Age
11:09 Double-Bit Axe
11:06 Horse Collar
20:03 Castle Age
19:47 Gold Mining
19:48 Stone Mining
21:23 Heavy Plow
21:38 Bow Saw
22:07 Gold Shaft Mining
22:08 Stone Shaft Mining
21:55 Forging
26:27 Wheelbarrow
27:01 Fervor
27:13 Squires
27:33 Fortified Wall
29:12 Treadmill Crane
30:53 Hand Cart
30:56 Arson
30:32 Pikeman
30:58 Gambesons
30:34 Man-at-Arms
31:56 Iron Casting
31:21 Scale Mail Armor
31:27 Scale Barding Armor
31:23 Padded Archer Armor
31:14 Fletching
31:55 Long Swordsman
35:16 Chain Mail Armor
35:21 Chain Barding Armor
35:17 Leather Archer Armor
37:16 Bodkin Arrow
37:46 Ballistics
37:21 Murder Holes
41:34 Imperial Age
39:45 Caravan
41:37 Elite Cataphract
42:38 Conscription
43:45 Chemistry
44:31 Crop Rotation
44:42 Plate Barding Armor
44:37 Plate Mail Armor
45:00 Logistica
46:07 Two-Handed Swordsman
47:03 Husbandry
50:09 Halberdier
50:10 Champion
54:44 Two-Man Saw
55:00 Elite Varangian Guard
60:44 Bracer
原厂野生狗奶
8:33 Loom
10:40 Feudal Age
16:23 Castle Age
14:37 Double-Bit Axe
14:34 Horse Collar
20:23 Wheelbarrow
22:56 Town Watch
28:11 Heavy Plow
28:24 Bow Saw
28:15 Stone Mining
28:17 Gold Mining
28:57 Fletching
33:52 Hand Cart
35:13 Town Patrol
35:52 Gold Shaft Mining
35:20 Caravan
35:51 Coinage
35:23 Scale Mail Armor
35:33 Forging
35:28 Scale Barding Armor
35:19 Bodkin Arrow
35:24 Padded Archer Armor
36:06 Bloodlines
35:56 Husbandry
36:51 Chain Mail Armor
37:39 Ballistics
37:34 Masonry
38:30 Detinets
41:06 Imperial Age
41:45 Iron Casting
41:31 Chain Barding Armor
42:44 Crop Rotation
42:49 Conscription
42:03 Elite Boyar
44:10 Blast Furnace
44:13 Chemistry
46:08 Plate Barding Armor
50:00 Capped Ram
51:06 Siege Ram
60:28 Murder Holes
CHIP
0:31 Loom
18:28 Feudal Age
19:21 Arson
21:27 Fletching
21:38 Padded Archer Armor
21:22 Horse Collar
21:40 Double-Bit Axe
22:58 Wheelbarrow
25:53 Castle Age
25:56 Crossbowman
28:26 Bodkin Arrow
28:46 Leather Archer Armor
29:28 Forging
31:45 Ballistics
35:23 Thumb Ring
38:07 Squires
38:22 Royal Heirs
38:29 Royal Heirs
40:03 Iron Casting
39:28 Scale Mail Armor
40:03 Husbandry
55:34 Hand Cart
55:32 Bow Saw
63:06 Chain Mail Armor
64:23 Scale Barding Armor
Connection lost

Rejoining the realm…

Still unreachable

The connection could not be restored.

Session expired

The server has moved on; the page needs a fresh start.